 Dungeon Crawl Stone Soup version 0.14.0-26-g1682e81 (webtiles) character file.

2576 Heini the Cleaver (level 9, -2/79 HPs)
             Began as a Hill Orc Fighter on Apr 28, 2014.
             Was a Follower of Okawaru.
             Killed from afar by an electric eel (11 damage)
             ... with a bolt of electricity
             ... on Level 6 of the Dungeon.
             The game lasted 00:22:47 (5709 turns).

Heini the Cleaver (Hill Orc Fighter)                Turns: 5709, Time: 00:22:48

HP  -2/79        AC 14     Str 27      XL: 9   Next: 43%
MP   9/9         EV  6     Int  8      God: Okawaru [*.....]
Gold 231         SH 20     Dex 10      Spells:  0 memorised,  8 levels left

rFire  . . .     SeeInvis .     G - +1,+2 war axe
rCold  . . .     Clarity  .     J - +0 chain mail
rNeg   . . .     Conserve .     c - +0 shield
rPois  .         rCorr    .     B - +0 helmet (curse)
rElec  .         rRot     .     (no cloak)
SustAb . .       Spirit   .     (no gloves)
rMut   .         Warding  .     M - +0 pair of boots
Saprov + . .     Stasis   .     (no amulet)
MR     .....                    (no ring)
                                (no ring)

@: mighty, not resistant to hostile enchantments, extremely unstealthy
A: saprovore 1
a: Heroism, Renounce Religion


You were on level 6 of the Dungeon.
You worshipped Okawaru.
Okawaru was aware of your devotion.
You were hungry.

You visited 2 branches of the dungeon, and saw 7 of its levels.
You also visited: Sewer.

You collected 231 gold pieces.

Inventory:

Hand weapons
 a - a +1,+1 war axe
 G - a +1,+2 war axe (weapon)
Armour
 c - a +0 shield (worn)
 B - a cursed +0 helmet (worn)
 J - a +0 chain mail (worn)
 M - a +0 pair of boots (worn)
Magical devices
 e - a wand of hasting (3)
 k - a wand of enslavement (7) {unknown}
 u - a wand of random effects (12) {unknown}
 D - a wand of disintegration (11) {unknown}
Comestibles
 d - 2 meat rations
 i - an apple
 p - 3 bread rations
 r - a pear
 s - 2 chokos
Scrolls
 b - 2 scrolls of teleportation
 g - a scroll of enchant armour
 m - a scroll of random uselessness
 v - 3 scrolls of enchant weapon II
 w - a scroll of blinking
 x - 2 scrolls of amnesia
 y - 2 scrolls of magic mapping
 C - a scroll of enchant weapon I
 I - a scroll of identify
 L - 2 scrolls of remove curse
Jewellery
 H - an uncursed ring of flight
Potions
 f - 6 potions of curing
 j - a potion of magic
 l - 4 potions of brilliance
 n - a potion of haste {unknown}
 o - a potion of degeneration
 q - 2 potions of heal wounds
 t - 2 potions of might
 z - a potion of agility {unknown}
 E - a potion of paralysis {unknown}
Books
 A - a book of Air

   Spells                             Type                      Level
   Shock                              Conjuration/Air              1
   Swiftness                          Charms/Air                   2
   Repel Missiles                     Charms/Air                   2
   Flight                             Charms/Air                   3
   Static Discharge                   Conjuration/Air              3
   Lightning Bolt                     Conjuration/Air              5
 K - a book of Spatial Translocations

   Spells                             Type                      Level
   Apportation                        Translocation                1
   Blink                              Translocation                2
   Shroud of Golubria                 Charms/Translocation         2
   Portal Projectile                  Translocation                3
   Teleport Other                     Translocation                3
   Passage of Golubria                Translocation                4
Rods
 h - a +2 rod of clouds (10/10)
   (You found it on level 4 of the Dungeon)


   Skills:
 * Level 7.5 Fighting
 * Level 10.8 Axes
 * Level 8.8 Armour
 - Level 3.2 Shields


You had 8 spell levels left.
You didn't know any spells.

Dungeon Overview and Level Annotations

Branches:
Dungeon (6/15)             Temple (1/1) D:4

Altars:
Ashenzari
Cheibriados
Dithmenos
Elyvilon
Fedhas
Kikubaaqudgha
Nemelex Xobeh
Okawaru
Sif Muna
Vehumet
Xom
Yredelemnul
Zin
The Shining One


Innate Abilities, Weirdness & Mutations

You can tolerate rotten meat.


Message History

The bolt of electricity hits you!
* * * LOW HITPOINT WARNING * * *
The bolt of electricity hits the electric eel.
Things that are here:
a giant frog corpse; a club Drink which item? (? for menu, Esc to quit)
You feel much better.
The electric eel shoots out a bolt of electricity!
The bolt of electricity hits you!
* * * LOW HITPOINT WARNING * * *
The bolt of electricity hits you!
* * * LOW HITPOINT WARNING * * *
The bolt of electricity hits the electric eel.
Your shield prevents you from hitting the electric eel.
The electric eel is lightly wounded.
The electric eel shoots out a bolt of electricity!
The bolt of electricity hits you!
* * * LOW HITPOINT WARNING * * *
The bolt of electricity hits you!
You die...

....≈♣≈≈≈≈≈≈≈≈≈≈≈≈≈≈≈≈≈≈≈≈
....≈P≈≈≈≈≈≈≈≈≈≈≈≈≈≈≈≈≈≈≈
.....♣♣≈≈≈≈P≈≈≈≈≈≈≈≈≈≈≈
......♣♣≈≈≈≈≈≈≈≈≈≈≈≈≈≈≈
......♣P♣≈≈≈≈≈≈≈≈P≈≈≈≈≈
......#P♣≈♣≈♣≈≈%≈≈≈P≈≈♣♣♣
......###≈P♣≈P♣≈PP♣≈♣≈≈≈
####### ##.'.♣♣;≈≈♣≈≈♣ <
###...(@(.# .# #....)).#
.# ####...## .# #)### ....
...... ##...... #..[.?..
#.......(


You could see an electric eel.

Vanquished Creatures
  The ghost of ant87 the Chucker, an average TrHu (Sewer)
  An ice beast (D:4)
  4 giant goldfish (D:6)
  2 ogres (D:4)
  2 phantoms (D:4)
  4 centaurs (D:6)
  Duvessa (D:4)
  2 giant frogs (D:6)
  A vampire bat (D:5)
  3 big fish (D:6)
  Dowan (D:4)
  A giant frog zombie (D:6)
  An iguana (D:4)
  5 orc priests
  4 orc wizards
  3 worker ants
  9 adders
  4 green rats
  A giant mite (D:6)
  A shadow imp (D:6)
  3 worms
  2 oozes
  8 giant geckos
  21 orcs
  22 bats
  6 giant cockroaches
  15 goblins
  14 hobgoblins
  22 kobolds
  6 quokkas
  9 ball pythons
  4 giant newts
  2 goblin skeletons
  A jackal zombie (D:6)
  An orc zombie (D:6)
  26 rats
  2 plants (D:6)
215 creatures vanquished.

Vanquished Creatures (others)
  A quokka (D:6)
  A kobold (Sewer)
2 creatures vanquished.

Grand Total: 217 creatures vanquished

Notes
Turn   | Place    | Note
--------------------------------------------------------------
     0 | D:1      | Heini, the Hill Orc Fighter, began the quest for the Orb.
     0 | D:1      | Reached XP level 1. HP: 19/19 MP: 1/1
   128 | D:1      | Reached XP level 2. HP: 27/27 MP: 2/2
   543 | D:2      | Reached skill level 4 in Fighting
   716 | D:2      | Reached XP level 3. HP: 24/33 MP: 3/3
  1445 | D:3      | Reached XP level 4. HP: 31/40 MP: 4/4
  1692 | D:3      | Reached XP level 5. HP: 25/47 MP: 5/5
  1840 | D:3      | Found a sparkling altar of Nemelex Xobeh.
  2097 | D:2      | Reached skill level 5 in Armour
  2354 | D:4      | Noticed Dowan
  2356 | D:4      | Noticed Duvessa
  2362 | D:4      | Noticed an ogre
  2364 | D:4      | Killed Dowan
  2365 | D:4      | Killed Duvessa
  2365 | D:4      | Reached skill level 5 in Axes
  2365 | D:4      | Reached XP level 6. HP: 41/53 MP: 6/6
  2370 | D:4      | Killed an ogre
  2453 | D:4      | Noticed an ice beast
  2470 | D:4      | Killed an ice beast
  2470 | D:4      | Reached skill level 5 in Fighting
  2470 | D:4      | Reached skill level 6 in Armour
  2475 | D:4      | Noticed an ogre
  2476 | D:4      | Noticed a phantom
  2485 | D:4      | Killed an ogre
  2485 | D:4      | Reached XP level 7. HP: 19/61 MP: 7/7
  2528 | D:4      | Killed a phantom
  2721 | D:4      | Found a glowing drain.
  2730 | Sewer    | Entered a sewer
  2915 | Sewer    | Reached skill level 7 in Axes
  2931 | Sewer    | Noticed ant87's ghost (average TrHu)
  2939 | Sewer    | Killed ant87's ghost
  2957 | Sewer    | Reached XP level 8. HP: 55/70 MP: 8/8
  3354 | D:4      | Reached skill level 8 in Axes
  3514 | D:4      | Found a staircase to the Ecumenical Temple.
  3537 | Temple   | Entered the Ecumenical Temple
  3546 | Temple   | Became a worshipper of Warmaster Okawaru
  3845 | D:5      | Entered Level 5 of the Dungeon
  3845 | D:5      | Found a glowing silver altar of Zin.
  3845 | D:5      | Noticed an angel
  3847 | D:5      | Found a shimmering altar of Xom.
  4579 | D:6      | Reached skill level 9 in Axes
  5270 | D:6      | Reached XP level 9. HP: 58/78 MP: 9/9
  5280 | D:6      | Acquired Okawaru's first power
  5280 | D:6      | Reached skill level 10 in Axes
  5709 | D:6      | Killed from afar by an electric eel

Action                   |  1- 3 |  4- 6 |  7- 9 || total
-------------------------+-------+-------+-------++-------
Melee: War axe           |   136 |   125 |   429 ||   690
  Use: Scroll            |     6 |     5 |     6 ||    17
       Potion            |       |     2 |     6 ||     8
